Map: Romanticide LE

Players

Lambo - Winner!

  • Race: Zerg Zerg
  • League: Grandmaster

HeroMarine

  • Race: Terran Terran
  • League: Master

Event: DreamHack SC2 Masters 2021 Summer

VOD

Have the link to the VOD?

Description

Time

  • Played on: June 5, 2021, 2:48 p.m.
  • Length: 17:37

All games in this series

Show
View Real Time Build Order
Export as new Build Order

Lambo Zerg - Winner!

Build Orders: Hatch First, Lurkers 

Get SALT Encoding   

  12  0:00  Drone  
  13  0:13  Overlord  
  13  0:17  Drone  
  14  0:31  Drone x2  
  16  0:49  Hatchery  
  15  0:51  Drone  
  15  0:54  Drone  
  17  0:59  Drone  
  18  1:08  Extractor  
  17  1:13  Spawning Pool  
  17  1:16  Drone  
  17  1:19  Drone  
  18  1:29  Drone  
  19  1:39  Drone  
  20  1:50  Drone  
  21  2:01  Queen x2, Zergling x4  
  27  2:12  Drone, Overlord  
  28  2:21  Hatchery  
  27  2:23  Drone  
  28  2:34  Drone x3  
  31  2:40  Spore Crawler  
  31  2:43  Queen  
  33  2:49  Overlord  
  33  2:52  Drone, Metabolic Boost  
  34  2:58  Drone x2  
  36  3:08  Drone x2  
  38  3:14  Queen  
  38  3:15  Drone x3  
  38  3:19  Drone  
  44  3:21  Overlord  
  44  3:27  Overlord  
  44  3:33  Queen  
  46  3:38  Drone  
  46  3:39  Drone  
  48  3:43  Queen  
  48  3:44  Drone x2  
  48  3:45  Drone  
  48  3:46  Drone  
  54  3:50  Drone x2  
  54  3:52  Overlord  
  54  3:55  Drone  
  57  3:57  Drone  
  57  3:59  Drone x2  
  57  4:02  Drone  
  61  4:03  Drone  
  61  4:08  Overlord  
  62  4:10  Drone  
  62  4:11  Queen  
  62  4:15  Overlord  
  65  4:17  Drone x2  
  65  4:23  Overlord  
  67  4:24  Drone x2  
  67  4:29  Drone x2  
  67  4:30  Overlord  
  71  4:35  Lair  
  71  4:37  Extractor  
  71  4:38  Baneling Nest  
  69  4:39  Zergling x4  
  69  4:43  Drone  
  69  4:45  Drone x2  
  74  4:48  Drone  
  74  4:50  Hatchery, Drone  
  74  4:51  Drone  
  74  4:52  Drone  
  77  4:57  Drone x2  
  77  4:58  Extractor x2, Evolution Chamber x2  
  77  4:59  Drone  
  76  5:04  Zergling x6  
  76  5:05  Zergling x2  
  76  5:06  Spore Crawler  
  79  5:07  Spore Crawler  
  79  5:08  Spore Crawler  
  74  5:16  Drone x5  
  74  5:20  Queen  
  80  5:23  Drone x2  
  80  5:24  Drone x2  
  80  5:26  Drone x2  
  80  5:28  Drone x2  
  87  5:30  Drone  
  87  5:34  Overseer  
  87  5:35  Drone  
  90  5:37  Overseer  
  90  5:38  Drone  
  90  5:39  Zerg Ground Armor Level 1  
  90  5:42  Zergling x6  
  94  5:45  Centrifical Hooks  
  94  5:46  Drone  
  95  5:53  Drone x3  
  95  5:56  Zerg Melee Weapons Level 1  
  98  6:00  Overlord  
  98  6:02  Overlord  
  98  6:04  Drone x2  
  98  6:08  Drone  
  98  6:09  Drone x3, Overlord  
  98  6:10  Queen  
  104  6:15  Overlord x3  
  104  6:16  Spore Crawler  
  104  6:18  Overlord  
  103  6:19  Overlord  
  103  6:21  Drone x2  
  105  6:26  Zergling x4  
  105  6:27  Zergling x8  
  105  6:30  Zergling x2  
  112  6:40  Zergling x10  
  112  6:41  Baneling x4  
  112  6:43  Drone x2  
  112  6:44  Drone, Spore Crawler  
  112  6:46  Hatchery  
  118  6:48  Overlord  
  118  6:49  Baneling x4  
  118  6:51  Zergling x8  
  118  6:54  Zergling x8  
  124  6:57  Baneling x2  
  124  6:59  Drone  
  124  7:00  Drone  
  128  7:05  Overlord  
  128  7:07  Drone x2, Zergling x6  
  128  7:08  Zergling x4  
  135  7:09  Baneling x2  
  135  7:14  Drone x3, Spore Crawler  
  135  7:15  Drone, Extractor, Hydralisk Den, Infestation Pit  
  135  7:17  Drone x2  
  135  7:18  Drone  
  135  7:21  Baneling  
  135  7:22  Extractor  
  136  7:28  Zergling x6  
  133  7:34  Extractor, Drone x6  
  133  7:35  Extractor  
  134  7:38  Zergling x12  
  134  7:43  Zergling x8  
  134  7:44  Zergling x2  
  145  7:46  Baneling  
  145  7:51  Zergling x2  
  146  7:52  Lurker Den  
  146  7:54  Baneling x2  
  146  7:55  Zergling x6  
  146  7:58  Muscular Augments  
  148  7:59  Hive  
  148  8:02  Drone x2, Hydralisk  
  148  8:03  Hydralisk x5  
  162  8:08  Hydralisk x2  
  162  8:12  Zergling x10  
  159  8:15  Hydralisk  
  159  8:16  Hydralisk  
  163  8:23  Baneling  
  163  8:24  Baneling x4  
  163  8:25  Overlord  
  163  8:34  Extractor, Overseer, Overlord  
  159  8:36  Extractor  
  159  8:39  Hatchery  
  157  8:43  Zergling x22  
  157  8:45  Zergling x4  
  157  8:47  Zergling x2  
  166  8:49  Zergling x2  
  166  8:51  Baneling x2  
  166  8:55  Hydralisk x4  
  167  8:58  Zerg Missile Weapons Level 1  
  173  9:02  Zergling x2  
  173  9:03  Zergling x8  
  173  9:06  Zergling x10  
  173  9:08  Baneling x8  
  173  9:09  Grooved Spines  
  182  9:10  Zergling x2  
  183  9:17  Overlord  
  183  9:20  Baneling x3  
  183  9:21  Overlord  
  183  9:22  Overlord  
  182  9:32  Seismic Spines  
  182  9:36  Drone x4  
  182  9:37  Drone  
  187  9:41  Drone x5  
  187  9:42  Drone  
  193  9:45  Lurker  
  193  9:46  Lurker x3  
  193  9:49  Zergling x4, Spore Crawler  
  193  9:50  Spine Crawler  
  193  9:52  Zergling x4  
  199  9:53  Spore Crawler  
  199  9:54  Zergling x2  
  199  10:00  Overlord  
  199  10:06  Zerg Ground Armor Level 2  
  199  10:07  Overlord  
  199  10:19  Spore Crawler  
  199  10:20  Spine Crawler, Lurker x2  
  199  10:23  Pneumatized Carapace  
  199  10:29  Adaptive Talons  
  199  10:35  Hydralisk x3  
  194  10:40  Baneling x13  
  194  10:41  Lurker  
  195  10:54  Zergling x8  
  195  10:55  Spine Crawler  
  198  10:59  Overlord  
  199  11:04  Zergling x4  
  199  11:08  Hydralisk x3  
  199  11:09  Hydralisk  
  199  11:10  Hydralisk x7  
  198  11:14  Hydralisk x2  
  198  11:16  Lurker  
  200  11:23  Baneling x7  
  200  11:25  Overlord  
  199  11:30  Lurker x3  
  199  11:33  Hatchery, Unknown  
  199  11:35  Spore Crawler  
  199  11:36  Drone x3  
  197  11:42  Zergling x2  
  197  11:43  Zergling x12  
  197  11:45  Overlord  
  200  11:49  Lurker x2  
  198  11:56  Zergling x10  
  198  11:58  Zergling x2  
  194  12:12  Overseer  
  194  12:15  Zergling x24  
  195  12:22  Hatchery  
  195  12:26  Zergling x20  
  199  12:37  Zergling x2  
  195  12:42  Hydralisk  
  195  12:43  Hydralisk x7  
  184  12:45  Zergling x2  
  184  12:51  Hydralisk x4  
  174  12:52  Overseer  
  181  12:59  Hydralisk x4, Lurker x4  
  181  13:01  Overseer  
  193  13:12  Baneling x20  
  193  13:19  Zerg Melee Weapons Level 2, Zerg Ground Armor Level 3  
  193  13:23  Zergling x8  
  184  13:27  Zergling x4  
  184  13:28  Zergling x12  
  184  13:30  Hydralisk  
  167  13:34  Viper x3  
  167  13:39  Hydralisk x2  
  180  13:44  Zergling x12  
  180  13:48  Zergling x8  
  190  14:00  Lurker x3  
  190  14:02  Overseer  
  192  14:03  Lurker x3  
  192  14:04  Hatchery, Zergling x8  
  198  14:18  Lurker  
  198  14:20  Hatchery  
  198  14:21  Overseer  
  198  14:24  Spore Crawler  
  197  14:32  Zergling x6  
  198  14:41  Zergling x4  
  200  14:57  Zergling x6  
  200  14:58  Zergling x16  
  192  15:00  Zergling x14  
  192  15:02  Zergling x2  
  192  15:03  Zergling x8  
  199  15:39  Zergling x2  
  200  15:49  Lurker  
  199  15:50  Lurker x2  
  187  16:11  Zergling x22  
  187  16:15  Hydralisk x11  
  187  16:18  Hydralisk x7  
  186  16:20  Hydralisk  
  186  16:21  Hydralisk x2, Zergling x2  
  185  16:26  Hydralisk x4  
  185  16:27  Hydralisk  
  185  16:28  Zergling x6  
  185  16:32  Zergling x4  
  188  16:36  Zergling x10  
  189  16:41  Baneling x7  
  189  16:43  Baneling x19  
  189  16:44  Lurker x2  
  188  16:49  Lurker x12  
  199  17:03  Hatchery  
  198  17:09  Zergling x2  
Show
View Real Time Build Order
Export as new Build Order

HeroMarine Terran 

Build Orders: Reaper Expand, Hellion Banshee 

Get SALT Encoding   

  12  0:00  SCV  
  13  0:12  SCV  
  14  0:16  Supply Depot  
  14  0:24  SCV  
  15  0:38  SCV  
  15  0:39  Barracks  
  16  0:43  Refinery  
  16  0:50  SCV  
  17  1:02  SCV  
  18  1:14  SCV  
  19  1:26  Reaper, Orbital Command  
  20  1:39  Command Center  
  20  1:47  Supply Depot  
  20  1:52  SCV  
  21  1:58  Marine  
  22  2:04  SCV  
  22  2:07  Factory  
  23  2:16  SCV  
  23  2:19  Barracks Reactor  
  24  2:28  SCV  
  25  2:40  SCV  
  25  2:42  Command Center  
  26  2:52  SCV  
  26  2:54  Orbital Command  
  27  2:59  Starport  
  27  3:04  SCV  
  28  3:06  Refinery  
  28  3:11  Hellion  
  30  3:15  Hellion  
  30  3:16  SCV  
  30  3:19  SCV  
  34  3:23  Barracks Tech Lab  
  34  3:29  SCV  
  34  3:31  SCV  
  34  3:32  Hellion  
  38  3:36  Hellion  
  38  3:41  SCV  
  41  3:44  Banshee  
  41  3:47  Marine  
  45  3:53  SCV  
  45  3:54  SCV, Hellion  
  49  3:57  Orbital Command, Hellion  
  49  4:01  Cloaking Field  
  51  4:07  SCV x2  
  51  4:09  Barracks Tech Lab  
  53  4:18  Supply Depot  
  53  4:19  SCV x2  
  53  4:22  Hellion x2  
  59  4:24  SCV  
  59  4:30  Marine  
  61  4:34  Stimpack  
  61  4:39  SCV x3  
  61  4:40  Banshee  
  61  4:41  Supply Depot x2  
  67  4:51  Orbital Command, SCV  
  67  4:52  SCV, Barracks x2  
  69  4:53  Factory Reactor  
  69  4:59  Refinery  
  69  5:00  Refinery  
  69  5:02  Marine  
  69  5:05  Engineering Bay  
  69  5:06  SCV x2  
  72  5:08  Engineering Bay  
  72  5:18  SCV x2  
  72  5:20  Marine  
  75  5:27  SCV  
  76  5:30  SCV x2  
  76  5:31  Barracks  
  76  5:32  Starport Reactor, Barracks  
  76  5:34  Supply Depot  
  78  5:36  Supply Depot  
  78  5:37  Terran Infantry Armor Level 1, Terran Infantry Weapons Level 1  
  78  5:38  Marine  
  78  5:39  SCV  
  78  5:42  SCV x2  
  82  5:45  Marine  
  82  5:46  Marine  
  82  5:48  Factory Reactor  
  84  5:51  SCV  
  84  5:56  SCV x2, Marine x3  
  90  6:00  Supply Depot  
  90  6:03  SCV  
  91  6:07  Marine x2, Supply Depot  
  91  6:08  SCV x2  
  95  6:13  Medivac  
  95  6:14  Armory  
  95  6:15  Medivac, Supply Depot  
  95  6:16  SCV  
  100  6:18  Marine  
  100  6:19  Barracks Reactor x2  
  100  6:21  SCV, Marine  
  100  6:25  SCV  
  101  6:27  Factory  
  101  6:28  Refinery, SCV  
  102  6:33  SCV, Marine x3  
  102  6:36  Marine, Combat Shield  
  102  6:37  SCV  
  102  6:39  Marine  
  109  6:40  Supply Depot  
  109  6:43  Supply Depot  
  109  6:49  Widow Mine  
  109  6:50  Widow Mine, Marine  
  109  6:51  Marine x2  
  109  6:52  Medivac  
  118  6:54  Marine, Medivac  
  118  7:01  Marine x2  
  125  7:05  Marine x3  
  125  7:06  Supply Depot  
  126  7:08  Marine  
  126  7:09  Marine  
  126  7:12  Factory Tech Lab  
  126  7:14  Command Center  
  128  7:15  Marine  
  128  7:17  Marine  
  128  7:18  Marine  
  128  7:22  Widow Mine x2  
  135  7:24  Marine x2  
  137  7:32  Marine  
  137  7:33  Drilling Claws, Marine x3  
  137  7:35  Widow Mine  
  142  7:39  Marine x3  
  142  7:42  Marine x2  
  142  7:43  Widow Mine  
  149  7:48  Supply Depot  
  149  7:53  Marine x4, Medivac  
  149  7:54  Widow Mine  
  149  7:58  Terran Infantry Weapons Level 2  
  157  8:08  Marine x2  
  157  8:09  Marine x3  
  157  8:10  Widow Mine  
  157  8:11  Marine x3  
  163  8:14  Widow Mine  
  165  8:25  Marine x3, Medivac x2  
  165  8:26  Widow Mine  
  174  8:27  Marine x3, Supply Depot  
  174  8:28  Barracks x2  
  174  8:29  Marine x3  
  174  8:30  Terran Infantry Armor Level 2, Barracks  
  172  8:37  Terran Vehicle And Ship Armor Level 1  
  172  8:43  Marine x3  
  172  8:47  Marine  
  172  8:48  Marine x5  
  169  8:49  Siege Tank  
  169  8:53  SCV x3  
  171  8:55  Medivac x2  
  171  9:01  Marine x3  
  178  9:04  Siege Tank  
  178  9:05  Marine x2  
  178  9:06  SCV x2, Marine  
  178  9:08  Marine x2  
  178  9:09  Marine  
  186  9:15  SCV  
  188  9:17  Barracks Tech Lab x2  
  188  9:18  SCV, Barracks Tech Lab  
  188  9:21  SCV, Siege Tank  
  189  9:24  Marine x2  
  189  9:26  Marine x2  
  189  9:28  Planetary Fortress  
  185  9:32  Medivac  
  185  9:33  Medivac  
  185  9:36  SCV x2  
  185  9:37  SCV  
  192  9:44  Refinery x2  
  192  9:46  Siege Tank  
  192  9:48  SCV  
  192  9:50  Concussive Shells  
  196  9:53  Supply Depot  
  196  9:55  Marauder  
  198  10:04  Marauder  
  200  10:20  Command Center  
  200  10:27  Command Center  
  200  10:28  Terran Infantry Weapons Level 3  
  200  10:29  Command Center  
  192  10:36  Terran Vehicle Weapons Level 1  
  192  10:45  Siege Tank x2  
  198  10:54  Marauder  
  200  11:09  Marine x2  
  200  11:10  Marauder  
  174  11:12  Medivac  
  174  11:13  Medivac  
  174  11:14  Marauder  
  174  11:16  Marauder x2, Marine x3  
  174  11:17  Siege Tank  
  174  11:18  Marine x3  
  174  11:19  Factory  
  174  11:20  Siege Tank  
  174  11:23  Refinery  
  177  11:27  Marine x2  
  177  11:31  Marauder, Sensor Tower  
  181  11:36  Marauder  
  181  11:37  Marauder x2  
  187  11:46  Orbital Command  
  186  11:49  Missile Turret  
  186  11:50  Siege Tank  
  186  11:52  Marauder  
  188  11:54  Orbital Command  
  188  11:56  Command Center  
  188  11:57  Marauder, Siege Tank  
  188  12:00  Marauder x2, Marine x2  
  193  12:01  Marine x2  
  193  12:03  Marine  
  193  12:04  Marine  
  193  12:07  Marine x2  
  199  12:08  Factory Tech Lab  
  199  12:11  Command Center  
  199  12:14  Marauder  
  187  12:22  Siege Tank  
  189  12:23  Marauder  
  185  12:30  Siege Tank  
  166  12:39  Marauder, Marine x2  
  166  12:40  Marauder x2  
  166  12:41  Orbital Command  
  166  12:42  Marine  
  126  12:44  Marauder  
  126  12:45  Medivac x2  
  126  12:46  Marine  
  126  12:49  Marine  
  126  12:50  Marine  
  126  12:51  Marine x2  
  116  12:54  Siege Tank  
  116  12:57  Marine  
  117  13:00  Marauder  
  117  13:01  Marauder  
  117  13:02  Siege Tank  
  124  13:09  SCV x2  
  124  13:10  SCV x2  
  128  13:19  Marine  
  128  13:21  SCV  
  128  13:22  SCV  
  128  13:23  SCV  
  128  13:25  SCV  
  128  13:26  Marine, Siege Tank  
  137  13:30  Marine x2  
  137  13:32  Marine  
  137  13:34  Siege Tank  
  140  13:38  SCV  
  140  13:40  Refinery  
  141  13:48  Liberator x2  
  147  13:51  SCV x2  
  147  13:52  SCV  
  150  13:56  Marauder x2  
  150  13:58  Siege Tank  
  150  14:00  Marauder  
  150  14:01  Marine  
  160  14:03  SCV x2  
  160  14:06  Siege Tank  
  160  14:07  SCV, Ghost Academy  
  163  14:10  Orbital Command  
  163  14:15  SCV  
  166  14:26  Marine x2  
  166  14:28  Sensor Tower  
  166  14:30  Siege Tank  
  169  14:31  Supply Depot  
  169  14:32  Liberator, Supply Depot  
  171  14:47  Refinery  
  171  14:48  Refinery, Missile Turret  
  171  14:50  Sensor Tower  
  171  14:53  Siege Tank  
  171  14:55  Marauder  
  171  14:59  Marauder  
  155  15:02  Siege Tank  
  155  15:03  Orbital Command  
  155  15:05  Marauder  
  148  15:13  Ghost  
  146  15:17  Ghost  
  146  15:19  SCV  
  149  15:23  Ghost  
  149  15:26  Ghost  
  153  15:42  Ghost  
  155  15:44  Missile Turret  
  155  15:46  Ghost  
  157  15:51  Ghost  
  157  15:54  Ghost, Missile Turret  
  161  16:10  Ghost  
  162  16:14  Ghost  
  162  16:17  Liberator x2  
  149  16:20  Marine x2, Ghost  
  133  16:27  Orbital Command, Marauder  
  133  16:31  Marine  
  123  16:34  Marine x2  
  125  16:41  Marine  
  125  16:45  Marine  
  127  16:50  Marine x2  
  129  16:57  Marine  
  129  17:00  Marine  
Tags
 
Add a new tag
Caveats
  • Supply blocks, unpowered buildings, or Contaminate may cause inaccurate times.
  • Supply counts are checked every 10 seconds.